[Event "Titled Tuesday Blitz May 10 Early 2022"]
[White "Dubov, Daniil"]
[Black "Mitrabha, Guha"]
[WhiteFideId "24126055"]
[BlackFideId "5057000"]
[WhiteElo "2791"]
[BlackElo "2468"]
[Result "0-1"]
[Round "03"]
[TimeControl "180+1"]
[Date "2022.05.10"]
[WhiteClock "0:00:28"]
[BlackClock "0:00:41"]

1. d4 Nf6 2. Nf3 b6 3. c4 Bb7 4. g3 g6 5. Bg2 Bg7 6. O-O O-O 7. d5 a5 8. Nc3 Na6 9. e4 e6 10. Re1 Nc5 11. e5 Ne8 12. Bg5 f6 13. exf6 Bxf6 14. Qd2 Nd6 15. b3 Bxc3 16. Qxc3 Rxf3 17. Bxf3 Qxg5 18. dxe6 Nxe6 19. Bxb7 Nxb7 20. Qf3 Rb8 21. h4 Qf5 22. Qxf5 gxf5 23. Re5 Nd6 24. Rae1 Kf7 25. Kg2 Kf6 26. Rd5 Nc5 27. Kf3 Ra8 28. g4 fxg4+ 29. Kxg4 Ne6 30. Rh5 Rg8+ 31. Kf3 Rg7 32. Rd1 Rf7 33. Ke3 Nf5+ 34. Ke4 Kg6 35. Rxf5 Rxf5 36. Rg1+ Kf6 37. f3 Rf4+ 38. Ke3 Rxh4 39. Rg2 Rh3 40. Rg8 h5 41. Rh8 h4 42. Ke4 Rh1 43. f4 h3 44. Rh6+ Kg7 45. Rh4 h2 46. Kf5 Nd4+ 0-1


[Site "https://www.chess.com"]

[Event "Titled Tuesday Blitz May 10 Early 2022"]
[White "Estrada Nieto, Julian"]
[Black "Maksimenko, Viktor"]
[WhiteFideId "5101018"]
[BlackFideId "13710478"]
[WhiteElo "2252"]
[BlackElo "2269"]
[Result "0-1"]
[Round "03"]
[TimeControl "180+1"]
[Date "2022.05.11"]
[WhiteClock "0:01:20"]
[BlackClock "0:01:28"]

1. e4 c6 2. d4 d5 3. exd5 cxd5 4. Nf3 Nc6 5. Bf4 Bg4 6. c3 e6 7. Bd3 Nf6 8. Nbd2 Bd6 9. Bxd6 Qxd6 10. Qb3 Qc7 11. O-O O-O 12. Rfe1 Bh5 13. Ne5 Nxe5 14. Rxe5 Bg6 15. Bxg6 hxg6 16. g3 Rab8 17. a4 Rfc8 18. Qd1 b5 19. axb5 Rxb5 20. Ra2 Rcb8 21. Qa1 a5 22. Re2 Ne8 23. Nf3 Nd6 24. Ne5 Ne4 25. Kg2 Nd6 26. Qc1 Nc4 27. Nxc4 Qxc4 28. b3 Rxb3 29. Re3 a4 30. Ra3 Rb1 31. Qc2 Qf1+ 32. Kf3 Qh1+ 33. Kg4 Qxh2 34. Qxa4 Qh5+ 35. Kf4 Qf5# 0-1


[Site "https://www.chess.com"]

[Event "Titled Tuesday Blitz May 10 Early 2022"]
[White "Ferreira, Vitor Hugo Vieira"]
[Black "Vasquez Schroeder, Rodrigo"]
[WhiteFideId "2119765"]
[BlackFideId "3400042"]
[WhiteElo "2165"]
[BlackElo "2567"]
[Result "1/2-1/2"]
[Round "03"]
[TimeControl "180+1"]
[Date "2022.05.11"]
[WhiteClock "0:00:13"]
[BlackClock "0:00:18"]

1. d4 d5 2. c4 c6 3. Nf3 Nf6 4. e3 Bg4 5. Qb3 Qb6 6. c5 Qc7 7. Ne5 Bf5 8. Nc3 Nbd7 9. Nxd7 Qxd7 10. Qd1 e5 11. Bd3 e4 12. Be2 h5 13. O-O Be7 14. b4 Bd8 15. b5 Bc7 16. f4 Bg4 17. Rf2 O-O 18. a4 Ba5 19. Bd2 Bxc3 20. Bxc3 g6 21. h3 Bxe2 22. Rxe2 Kg7 23. Rb2 Rfc8 24. Qb3 Ng8 25. a5 Nh6 26. a6 b6 27. bxc6 Rxc6 28. Qb5 Qe6 29. Qb3 Nf5 30. Bd2 h4 31. cxb6 Rxb6 32. Qc3 Rab8 33. Rxb6 Rxb6 34. Qc7 Rb2 35. Bc1 Re2 36. Qxa7 Ng3 37. Ba3 Rxe3 38. Qb8 Qc6 39. Qf8+ Kf6 40. Qh8+ Ke6 41. Qe5+ Kd7 42. Qe7+ Kc8 43. Rc1 Qxc1+ 44. Bxc1 Re1+ 45. Kf2 Re2+ 46. Kg1 Re1+ 47. Kf2 Re2+ 48. Kg1 Re1+ 1/2-1/2


[Site "https://www.chess.com"]

[Event "Titled Tuesday Blitz May 10 Early 2022"]
[White "Friedel, Tom"]
[Black "Ambartsumova, Karina"]
[WhiteFideId "2002108"]
[BlackFideId "4166299"]
[WhiteElo "2327"]
[BlackElo "2262"]
[Result "0-1"]
[Round "03"]
[TimeControl "180+1"]
[Date "2022.05.11"]
[WhiteClock "0:00:04"]
[BlackClock "0:00:11"]

1. e4 e5 2. Nf3 Nc6 3. Bc4 Bc5 4. c3 Nf6 5. d3 O-O 6. b4 Be7 7. O-O d5 8. exd5 Nxd5 9. Qb3 Nb6 10. Bb5 Be6 11. Qc2 f6 12. Nbd2 a6 13. Bxc6 bxc6 14. Ne4 Bg4 15. Ne1 f5 16. Nc5 Qd6 17. f3 Bh5 18. Be3 Nd5 19. Bf2 Nf4 20. d4 Rae8 21. dxe5 Qxe5 22. Nd7 Qe6 23. Nxf8 Bxf8 24. Nd3 Ne2+ 25. Kh1 Bd6 26. Rfe1 Bxf3 27. gxf3 Qd5 28. Kg2 Qe6 29. Rxe2 Qxe2 30. Qxe2 Rxe2 31. Nc5 Rc2 32. Nxa6 Rxc3 33. Nc5 Ra3 34. Bg3 f4 35. Bf2 Kf7 36. Bh4 Be5 37. Bf2 Bxa1 38. Ne4 Rxa2 39. Ng5+ Kg6 40. Ne4 Bd4 41. Kf1 Bxf2 42. Nxf2 Rb2 43. Nd3 Rb3 44. Nxf4+ Kf5 45. Ne2 Rxb4 46. Kf2 h5 47. Ng3+ Kg6 48. Ne4 Rd4 49. Ke3 Rd5 50. Kf4 Kf7 51. Nc3 Rd4+ 52. Ke5 Rd2 53. Ne4 Rxh2 54. Ng5+ Kg6 55. f4 h4 56. Ne6 h3 57. f5+ Kh6 58. Nf4 Rh1 59. Ke4 h2 60. Kf3 Rf1+ 0-1


[Site "https://www.chess.com"]

[Event "Titled Tuesday Blitz May 10 Early 2022"]
[White "Gharibyan, Mamikon"]
[Black "Bortnyk, Olexandr"]
[WhiteFideId "13308300"]
[BlackFideId "14120828"]
[WhiteElo "2254"]
[BlackElo "2723"]
[Result "1-0"]
[Round "03"]
[TimeControl "180+1"]
[Date "2022.05.10"]
[WhiteClock "0:00:17"]
[BlackClock "0:00:04"]

1. c4 d6 2. Nc3 Nf6 3. d4 g6 4. e4 Bg7 5. Nf3 c6 6. Be2 Nbd7 7. O-O e5 8. Re1 O-O 9. Bf1 Qe7 10. d5 c5 11. g3 Nh5 12. Nh4 Bf6 13. Nf3 Bg7 14. Nh4 Bf6 15. Nf3 a6 16. a3 Bg7 17. Nh4 Ndf6 18. b4 b6 19. bxc5 bxc5 20. Rb1 h6 21. Be2 Bh3 22. Be3 Qd7 23. Rb6 Ng4 24. Bd2 Bf6 25. Ng2 Bd8 26. Rb2 f5 27. f3 f4 28. fxg4 fxg3 29. gxh5 Bxg2 30. Bg4 Qe7 31. hxg3 gxh5 32. Be6+ Kh7 33. Kxg2 Qg7 34. Bf5+ Kg8 35. Qxh5 Rf6 36. Rh1 Ba5 37. Bxh6 Qf7 38. Bg5 Qxh5 39. Rxh5 Rxf5 40. exf5 Bxc3 41. Rb7 e4 42. f6 1-0


[Site "https://www.chess.com"]

[Event "Titled Tuesday Blitz May 10 Early 2022"]
[White "Gheorghiu, Calin"]
[Black "De Souza, Cristiano Gomes"]
[WhiteFideId "1200305"]
[BlackFideId "2151758"]
[WhiteElo "2168"]
[BlackElo "2068"]
[Result "1-0"]
[Round "03"]
[TimeControl "180+1"]
[Date "2022.05.11"]
[WhiteClock "0:01:39"]
[BlackClock "0:01:19"]

1. d4 Nf6 2. Bf4 g6 3. Nc3 Bg7 4. e4 d6 5. Qd2 h6 6. O-O-O g5 7. Be3 Ng4 8. h4 Nxe3 9. Qxe3 e6 10. hxg5 Qxg5 11. f4 Qe7 12. g4 a6 13. Nf3 Nd7 14. g5 c5 15. d5 b5 16. Bh3 Nb6 17. e5 exd5 18. Nxd5 Nxd5 19. Rxd5 Bxh3 20. Rxh3 Rd8 21. Qe4 dxe5 22. Rxd8+ Kxd8 23. gxh6 Rxh6 24. Rxh6 Bxh6 25. Nxe5 Qf6 26. Qa8+ Ke7 27. Qb7+ Ke6 28. Qd7# 1-0


[Site "https://www.chess.com"]

[Event "Titled Tuesday Blitz May 10 Early 2022"]
[White "Girinath, P.D.S."]
[Black "Maevsky, Nikolay"]
[WhiteFideId "5000572"]
[BlackFideId "4198220"]
[WhiteElo "2369"]
[BlackElo "2149"]
[Result "0-1"]
[Round "03"]
[TimeControl "180+1"]
[Date "2022.05.11"]
[WhiteClock "0:00:01"]
[BlackClock "0:00:02"]

1. e4 c6 2. d3 d5 3. Nd2 g6 4. Ngf3 Bg7 5. g3 a5 6. a4 Bg4 7. Bg2 e6 8. h3 Bxf3 9. Qxf3 Ne7 10. O-O Na6 11. c3 O-O 12. d4 f5 13. exd5 exd5 14. Qd3 Re8 15. Nf3 Nc8 16. Bf4 Nd6 17. Bxd6 Qxd6 18. Rfe1 Nc7 19. h4 Bf6 20. Ng5 h6 21. Nf3 h5 22. Ng5 Re7 23. Rxe7 Qxe7 24. Nf3 Re8 25. Re1 Qd7 26. Ne5 Bxe5 27. dxe5 Ne6 28. Rd1 Qc7 29. c4 d4 30. f4 Qb6 31. Rd2 Rd8 32. Kh2 Nc5 33. Qe2 Ne6 34. Qd3 Qb4 35. Bf1 Qxa4 36. b3 Qb4 37. Ra2 Nc5 38. Qd1 Ne4 39. Ra4 Qb6 40. c5 Qxc5 41. Bc4+ Kg7 42. Bd3 Nc3 43. Qa1 Nxa4 44. Qxa4 Qb4 45. Qa1 Qd2+ 46. Kh3 Qxd3 47. Qa3 Kf7 48. Qc5 Rd7 0-1


[Site "https://www.chess.com"]

[Event "Titled Tuesday Blitz May 10 Early 2022"]
[White "Golizadeh, Asghar"]
[Black "Pourkashiyan, Atousa"]
[WhiteFideId "12505269"]
[BlackFideId "12502014"]
[WhiteElo "2403"]
[BlackElo "2247"]
[Result "1-0"]
[Round "03"]
[TimeControl "180+1"]
[Date "2022.05.11"]
[WhiteClock "0:01:16"]
[BlackClock "0:00:22"]

1. e4 e5 2. Nf3 Nf6 3. Nxe5 d6 4. Nf3 Nxe4 5. Nc3 Nxc3 6. dxc3 Be7 7. Be3 Nc6 8. Qd2 Be6 9. O-O-O Qd7 10. Kb1 a6 11. Bd3 O-O-O 12. Nd4 Nxd4 13. Bxd4 f6 14. Rhe1 Rde8 15. Qe2 Bd8 16. Qd2 Bf5 17. Be2 Be4 18. Bf1 Kb8 19. Be3 Qf5 20. f3 Bc6 21. Qd4 Re5 22. Bd3 Qe6 23. f4 Ra5 24. Bc4 Qe4 25. Qa7+ Kc8 26. Bd4 1-0


[Site "https://www.chess.com"]

[Event "Titled Tuesday Blitz May 10 Early 2022"]
[White "Golubev, Mikhail"]
[Black "Hoffmann, Asa"]
[WhiteFideId "14100983"]
[BlackFideId "2001470"]
[WhiteElo "2374"]
[BlackElo "2117"]
[Result "0-1"]
[Round "03"]
[TimeControl "180+1"]
[Date "2022.05.11"]
[WhiteClock "0:00:11"]
[BlackClock "0:00:21"]

1. e4 d6 2. d4 Nf6 3. Nc3 c6 4. f4 Qa5 5. Bd3 e5 6. Nf3 exd4 7. Nxd4 Qb6 8. Nf3 Be7 9. Qe2 O-O 10. h3 Nh5 11. Qf2 Qxf2+ 12. Kxf2 Nd7 13. g4 Nhf6 14. g5 Ne8 15. h4 Nc7 16. h5 b5 17. Be3 b4 18. Ne2 d5 19. Ng3 c5 20. Nf5 Re8 21. exd5 Nxd5 22. Be4 Nxe3 23. Nxe7+ Rxe7 24. Bxa8 Nxc2 25. Rac1 Ne3 26. Rhe1 Ng4+ 27. Kg1 Rxe1+ 28. Rxe1 Kf8 29. Bc6 f6 30. Rc1 Nb6 31. Rxc5 Be6 32. b3 Ke7 33. Nd4 Bf7 34. Ra5 Nc8 35. Nf5+ Kd8 36. h6 gxh6 37. gxh6 Bg6 38. Rd5+ Kc7 39. Bd7 Nb6 40. Nd4 Nxd5 41. Bxg4 Nxf4 42. Bf5 Kd6 43. Bxg6 Nxg6 44. Kf2 a6 45. Ke3 Kd5 46. Nf5 Ke5 47. Ne7 Nxe7 0-1


[Site "https://www.chess.com"]

[Event "Titled Tuesday Blitz May 10 Early 2022"]
[White "Hakobyan, Aram"]
[Black "Padmini, Rout"]
[WhiteFideId "13306677"]
[BlackFideId "5029295"]
[WhiteElo "2557"]
[BlackElo "2181"]
[Result "1-0"]
[Round "03"]
[TimeControl "180+1"]
[Date "2022.05.11"]
[WhiteClock "0:02:41"]
[BlackClock "0:01:38"]

1. d4 Nf6 2. c4 g6 3. Nc3 d5 4. Nf3 Bg7 5. h4 c6 6. cxd5 cxd5 7. Bf4 a6 8. e3 Nc6 9. Qb3 Na5 10. Qb4 Nc6 11. Qb3 Na5 12. Qa3 O-O 13. Rc1 Bf5 14. Be2 b5 15. Ne5 Nc4 16. Bxc4 bxc4 17. Nc6 Qd7 18. Nxe7+ Kh8 19. h5 Bd3 20. h6 1-0


[Site "https://www.chess.com"]

[Event "Titled Tuesday Blitz May 10 Early 2022"]
[White "Hambleton, Aman"]
[Black "Al-Tarboush, Ward"]
[WhiteFideId "2606577"]
[BlackFideId "7601450"]
[WhiteElo "2552"]
[BlackElo "2294"]
[Result "1-0"]
[Round "03"]
[TimeControl "180+1"]
[Date "2022.05.10"]
[WhiteClock "0:00:02"]
[BlackClock "0:00:01"]

1. d4 d5 2. Bf4 Nf6 3. e3 c5 4. c3 Qb6 5. Qb3 c4 6. Qc2 g6 7. b3 Bf5 8. Qb2 Bg7 9. Nf3 O-O 10. Nbd2 Nc6 11. h3 Rac8 12. Be2 Nb4 13. O-O Nd3 14. Bxd3 Bxd3 15. Rfc1 Nh5 16. Bh2 Rfe8 17. Ne1 Nf6 18. Nxd3 cxd3 19. Qb1 Qa6 20. c4 Ne4 21. Qxd3 Nxd2 22. Qxd2 dxc4 23. bxc4 Rxc4 24. Rxc4 Qxc4 25. Rc1 Qd5 26. Rc5 Qe4 27. Bg3 h5 28. h4 Bf6 29. Qc2 Qg4 30. Rc7 e5 31. dxe5 Bxe5 32. Bxe5 Rxe5 33. g3 Qf3 34. Rc8+ Kh7 35. Rc4 Rd5 36. Rd4 Rxd4 37. exd4 Qd5 38. Qd2 b6 39. Kf1 a5 40. Ke2 a4 41. Ke3 b5 42. Qb2 Qc4 43. a3 b4 44. axb4 Qe6+ 45. Kd2 Qd5 46. b5 Qd8 47. b6 1-0


[Site "https://www.chess.com"]

[Event "Titled Tuesday Blitz May 10 Early 2022"]
[White "Harish, Neeraj"]
[Black "Manukian, Artak"]
[WhiteFideId "30958130"]
[BlackFideId "13301373"]
[WhiteElo "1574"]
[BlackElo "2400"]
[Result "0-1"]
[Round "03"]
[TimeControl "180+1"]
[Date "2022.05.11"]
[WhiteClock "0:00:02"]
[BlackClock "0:00:29"]

1. c4 g6 2. Nf3 Bg7 3. Nc3 c5 4. d4 cxd4 5. Nxd4 Nc6 6. e3 Nf6 7. Bd3 O-O 8. b3 Nxd4 9. exd4 d5 10. c5 b6 11. b4 a5 12. b5 bxc5 13. dxc5 Ne4 14. Nxe4 Bxa1 15. Ng3 Bc3+ 16. Bd2 Bxd2+ 17. Qxd2 e5 18. O-O Be6 19. f4 e4 20. Bc2 f5 21. Qd4 Rc8 22. a4 Qf6 23. Qxf6 Rxf6 24. c6 d4 25. Rd1 d3 26. Bxd3 exd3 27. Rxd3 Kf7 28. Ne2 Bc4 29. Rd2 Bxe2 30. Rxe2 Re6 31. Rd2 Re4 32. Rd7+ Ke6 33. Rxh7 Rxa4 34. Rg7 Kf6 35. Rh7 Rxf4 36. b6 Rxc6 37. b7 Rb4 0-1


[Site "https://www.chess.com"]

[Event "Titled Tuesday Blitz May 10 Early 2022"]
[White "Harshavardhan G B"]
[Black "Zlatin, Alexander"]
[WhiteFideId "25059009"]
[BlackFideId "2810549"]
[WhiteElo "1831"]
[BlackElo "2228"]
[Result "1-0"]
[Round "03"]
[TimeControl "180+1"]
[Date "2022.05.11"]
[WhiteClock "0:01:26"]
[BlackClock "0:00:11"]

1. e4 e5 2. Nc3 Nf6 3. Bc4 Nc6 4. d3 Bc5 5. f4 d6 6. f5 Na5 7. a3 Nxc4 8. dxc4 c6 9. Qd3 O-O 10. Bg5 Bf2+ 11. Ke2 Bd4 12. Nf3 h6 13. Bh4 Bb6 14. Rad1 Bc7 15. g4 a6 16. Rhg1 b5 17. b3 Bb7 18. g5 Nh5 19. gxh6 Nf4+ 20. Kf1 f6 21. Rxg7+ Kh8 22. Qe3 Bb6 23. Qd2 Rg8 24. Rxg8+ Qxg8 25. Bxf6+ Kh7 26. Bg7 Qf7 27. Ng5+ Kg8 28. Nxf7 Kxf7 29. Qxd6 Rd8 30. Qf6+ 1-0


[Site "https://www.chess.com"]

[Event "Titled Tuesday Blitz May 10 Early 2022"]
[White "Hnydiuk, Aleksander"]
[Black "Shtyka, Sergey"]
[WhiteFideId "1109057"]
[BlackFideId "4138465"]
[WhiteElo "2374"]
[BlackElo "2014"]
[Result "1-0"]
[Round "03"]
[TimeControl "180+1"]
[Date "2022.05.11"]
[WhiteClock "0:00:20"]
[BlackClock "0:00:01"]

1. Nf3 c5 2. c4 Nc6 3. d4 cxd4 4. Nxd4 g6 5. e4 Bg7 6. Be3 d6 7. Nc3 Nf6 8. Be2 O-O 9. O-O Nxd4 10. Bxd4 Be6 11. Rc1 Rc8 12. b3 Nd7 13. Be3 a6 14. Nd5 Bxd5 15. exd5 Qa5 16. Qd2 Qxd2 17. Bxd2 Bd4 18. Bg4 Rc7 19. Rfe1 Ne5 20. Be2 Re8 21. Kf1 e6 22. dxe6 fxe6 23. f4 Rf7 24. g3 g5 25. Kg2 gxf4 26. Bxf4 a5 27. Rf1 b6 28. Bh5 Ng6 29. Bxd6 Rxf1 30. Rxf1 Rd8 31. Bc7 Rd7 32. Rd1 Ne7 33. Bf4 Nf5 34. g4 Ne7 35. Be8 Rd8 36. Bb5 Ng6 37. Bc7 1-0


[Site "https://www.chess.com"]

[Event "Titled Tuesday Blitz May 10 Early 2022"]
[White "Ianov, Viktor"]
[Black "Jumabayev, Rinat"]
[WhiteFideId "14102730"]
[BlackFideId "13702661"]
[WhiteElo "2152"]
[BlackElo "2561"]
[Result "0-1"]
[Round "03"]
[TimeControl "180+1"]
[Date "2022.05.11"]
[WhiteClock "0:00:33"]
[BlackClock "0:00:11"]

1. Nf3 Nf6 2. g3 b6 3. Bg2 Bb7 4. c4 c5 5. Nc3 g6 6. O-O Bg7 7. d4 Ne4 8. Nxe4 Bxe4 9. Be3 Nc6 10. dxc5 Bxb2 11. cxb6 axb6 12. Qb3 Bxa1 13. Rxa1 O-O 14. Bxb6 Qb8 15. c5 d5 16. a4 Qb7 17. h4 h5 18. Qe3 e5 19. a5 f6 20. Bh3 Kg7 21. Nd2 Nd4 22. Nxe4 dxe4 23. Rc1 Qd5 24. Kf1 f5 25. Rd1 Rfc8 26. Bg2 Rxc5 27. Bxc5 Qxc5 28. Qg5 Rxa5 29. Rb1 Ra7 30. Qd8 Qb5 31. Re1 Nxe2 32. Qd2 Nf4+ 33. Kg1 Nd3 34. Rd1 Qc5 35. Bf1 Rd7 36. Bxd3 Rxd3 37. Qe1 Qd4 38. Rc1 e3 39. fxe3 Rxe3 40. Qf2 Rxg3+ 41. Kf1 Qd3+ 42. Ke1 Re3+ 43. Qxe3 Qxe3+ 44. Kd1 Qxc1+ 45. Kxc1 g5 0-1


[Site "https://www.chess.com"]

[Event "Titled Tuesday Blitz May 10 Early 2022"]
[White "Itkis, Boris"]
[Black "Liyanage, Ranindu Dilshan"]
[WhiteFideId "1209167"]
[BlackFideId "9915834"]
[WhiteElo "2207"]
[BlackElo "1858"]
[Result "0-1"]
[Round "03"]
[TimeControl "180+1"]
[Date "2022.05.11"]
[WhiteClock "0:00:05"]
[BlackClock "0:00:51"]

1. Nf3 Nf6 2. b3 g6 3. Bb2 Bg7 4. d4 O-O 5. e3 c5 6. Nbd2 b6 7. dxc5 bxc5 8. c4 Bb7 9. Be2 e6 10. O-O d5 11. Rc1 Nbd7 12. Ne5 Nxe5 13. Bxe5 Qa5 14. Qc2 Rac8 15. Bf3 Rfd8 16. Qb2 Ne8 17. Bxg7 Nxg7 18. cxd5 exd5 19. Nc4 Qa6 20. Ne5 Ne6 21. Ng4 d4 22. Bxb7 Qxb7 23. exd4 cxd4 24. Rxc8 Qxc8 25. Qe2 h5 26. Nf6+ Kf8 27. Qe5 Qc5 28. Nh7+ Kg8 29. Nf6+ Kh8 30. Qg3 Qf5 31. Qh4 d3 32. h3 d2 33. g4 Qf3 34. gxh5 g5 35. Qb4 d1=Q 0-1


[Site "https://www.chess.com"]

[Event "Titled Tuesday Blitz May 10 Early 2022"]
[White "Janaszak, Dawid"]
[Black "Samadov, Read"]
[WhiteFideId "1119206"]
[BlackFideId "13417444"]
[WhiteElo "2199"]
[BlackElo "2084"]
[Result "1-0"]
[Round "03"]
[TimeControl "180+1"]
[Date "2022.05.10"]
[WhiteClock "0:00:46"]
[BlackClock "0:00:52"]

1. e4 c5 2. Nc3 d6 3. d4 cxd4 4. Qxd4 Nc6 5. Qd2 g6 6. b3 Bh6 7. f4 Nf6 8. Bb2 O-O 9. O-O-O a5 10. a4 Nb4 11. Kb1 d5 12. Nf3 Qc7 13. Nxd5 Nfxd5 14. exd5 Bf5 15. Nd4 Bxf4 16. Qf2 Be3 17. Nxf5 gxf5 18. Qxf5 Qf4 19. Qxf4 Bxf4 20. Bc4 Rac8 21. Rd4 Bg5 22. Rg4 h6 23. h4 f5 24. Rg3 f4 25. Rg4 1-0


[Site "https://www.chess.com"]

[Event "Titled Tuesday Blitz May 10 Early 2022"]
[White "Jaskolka, Tomasz"]
[Black "Goltsev, Dmitry"]
[WhiteFideId "1170791"]
[BlackFideId "24176710"]
[WhiteElo "2073"]
[BlackElo "2258"]
[Result "0-1"]
[Round "03"]
[TimeControl "180+1"]
[Date "2022.05.11"]
[WhiteClock "0:00:09"]
[BlackClock "0:02:21"]

1. d4 Nf6 2. Bf4 e6 3. e3 b6 4. Nf3 Bb7 5. Nbd2 d6 6. c3 Nbd7 7. Be2 Qe7 8. Qa4 g6 9. O-O-O Bg7 10. Kb1 O-O 11. h4 e5 12. dxe5 dxe5 13. Bg3 Nc5 14. Qa3 Nfe4 15. h5 a5 16. hxg6 hxg6 17. Nxe4 Bxe4+ 18. Ka1 a4 19. Bc4 Ra5 20. Nd2 Bc2 21. Rc1 Nb3+ 22. axb3 axb3 23. Qxa5 bxa5 24. Bxb3 Bxb3 25. Nxb3 Rb8 26. Nd2 a4 27. Rh4 a3 28. b4 f5 29. Rc4 Qd6 30. Nb3 Qd3 31. Rxc7 Qe2 32. Rb1 Rd8 33. b5 Rd1 34. Rxd1 Qxd1+ 35. Ka2 Bf8 36. Na1 Qd2+ 37. Kb3 Qb2+ 38. Kc4 Qxa1 39. Bxe5 Qb1 40. Ra7 a2 41. b6 a1=Q 42. Rxa1 Qxa1 43. b7 Qa6+ 0-1


[Site "https://www.chess.com"]

[Event "Titled Tuesday Blitz May 10 Early 2022"]
[White "Jeet, Jain"]
[Black "Bachmann, Axel"]
[WhiteFideId "5073022"]
[BlackFideId "3700488"]
[WhiteElo "2028"]
[BlackElo "2587"]
[Result "0-1"]
[Round "03"]
[TimeControl "180+1"]
[Date "2022.05.11"]
[WhiteClock "0:01:39"]
[BlackClock "0:02:32"]

1. Nf3 Nf6 2. e3 d5 3. c4 e6 4. b3 c5 5. Bb2 Nc6 6. cxd5 exd5 7. d4 cxd4 8. Nxd4 Bb4+ 9. Nc3 Ne4 10. Ne2 Qf6 11. Qc2 Qxf2+ 12. Kd1 Bf5 13. Nxe4 Qe1# 0-1


[Site "https://www.chess.com"]

[Event "Titled Tuesday Blitz May 10 Early 2022"]
[White "Jian, Alex"]
[Black "Aaditya Dhingra"]
[WhiteFideId "30901022"]
[BlackFideId "25678191"]
[WhiteElo "2111"]
[BlackElo "1849"]
[Result "0-1"]
[Round "03"]
[TimeControl "180+1"]
[Date "2022.05.11"]
[WhiteClock "0:00:04"]
[BlackClock "0:00:08"]

1. d4 Nf6 2. c4 Nc6 3. Nf3 e6 4. Nc3 Bb4 5. Qc2 O-O 6. Bd2 d5 7. e3 Qe7 8. Bd3 Bxc3 9. Bxc3 Nb4 10. Bxb4 Qxb4+ 11. Qd2 Qxd2+ 12. Kxd2 dxc4 13. Bxc4 a6 14. Ke2 b5 15. Bd3 Bb7 16. Rac1 Rac8 17. Rc2 Rfe8 18. Rhc1 Nd5 19. a3 Re7 20. g3 f6 21. Nd2 e5 22. Bf5 Rd8 23. dxe5 Rxe5 24. Bd3 Bc8 25. Be4 Bg4+ 26. f3 Be6 27. Bxd5 Rexd5 28. Ne4 f5 29. Nc5 Bc8 30. e4 Rd4 31. Ke3 fxe4 32. fxe4 a5 33. Rc3 a4 34. Rd3 Rxd3+ 35. Nxd3 Rd7 36. Ne5 Re7 37. Nc6 Re8 38. Nd4 Bb7 39. Rxc7 Bxe4 40. Kf4 Bd3 41. Rb7 Re4+ 42. Kf3 Rxd4 43. Ke3 Rd6 44. Rb8+ Kf7 45. Rb7+ Kf6 46. Rc7 Bc4 47. Rc5 Rd3+ 48. Kf4 g5+ 49. Rxg5 Rd4+ 50. Ke3 Rd3+ 51. Kf4 Rd2 52. Rc5 Rxb2 53. Rc6+ Be6 54. Rb6 b4 55. axb4 a3 56. b5 a2 57. Ra6 Rb4+ 58. Ke3 Rxb5 59. g4 Rb1 60. h4 a1=Q 61. g5+ Ke5 62. Rxa1 Rxa1 63. h5 Ra3+ 64. Kf2 Kf4 65. g6 Ra2+ 66. Ke1 h6 67. g7 Ke3 68. Kf1 Re2 69. Kg1 Kf3 70. Kf1 Re3 71. Kg1 Kg3 72. Kf1 Re4 73. g8=Q+ Bxg8 74. Kg1 Re1# 0-1


[Site "https://www.chess.com"]

[Event "Titled Tuesday Blitz May 10 Early 2022"]
[White "Jobava, Baadur"]
[Black "Koziorowicz, Michal"]
[WhiteFideId "13601520"]
[BlackFideId "21809194"]
[WhiteElo "2617"]
[BlackElo "2219"]
[Result "1-0"]
[Round "03"]
[TimeControl "180+1"]
[Date "2022.05.11"]
[WhiteClock "0:01:44"]
[BlackClock "0:00:10"]

1. b3 e5 2. Bb2 Nc6 3. Nf3 e4 4. Nd4 Nxd4 5. Bxd4 c5 6. Bb2 d5 7. e3 Nf6 8. Bb5+ Bd7 9. Bxd7+ Nxd7 10. O-O Qg5 11. d3 exd3 12. Qxd3 Be7 13. Nc3 Nf6 14. Qb5+ Kf8 15. Qxb7 Rd8 16. Rad1 h5 17. Qxa7 Rh6 18. Ne2 h4 19. Nf4 d4 20. Qb7 Bd6 21. Qf3 Ng4 22. h3 Ne5 23. Qe2 Re8 24. b4 Ng6 25. Qg4 Bxf4 26. exf4 Qxg4 27. hxg4 Nxf4 28. bxc5 Re2 29. Bxd4 Rxc2 30. Be3 Ne2+ 31. Kh2 Ra6 32. Rd8+ Ke7 33. Rfd1 Nc3 34. R8d7+ Ke6 35. R1d6+ Rxd6 36. Rxd6+ Ke5 37. Bd4+ Ke4 38. Bxg7 Nd5 39. f3+ Ke3 40. Rxd5 Kf2 41. a4 Kf1 42. Rd1+ Ke2 43. Ra1 Rxc5 44. a5 h3 45. Kxh3 f5 46. a6 Rc7 47. a7 Rxg7 48. a8=Q f4 1-0


[Site "https://www.chess.com"]

[Event "Titled Tuesday Blitz May 10 Early 2022"]
[White "Juhasz, Agoston"]
[Black "Bodnar, Nikolay"]
[WhiteFideId "778346"]
[BlackFideId "14106469"]
[WhiteElo "2211"]
[BlackElo "2296"]
[Result "1-0"]
[Round "03"]
[TimeControl "180+1"]
[Date "2022.05.11"]
[WhiteClock "0:00:25"]
[BlackClock "0:00:50"]

1. d4 d5 2. Nf3 Nf6 3. c4 e6 4. Nc3 c6 5. e3 Nbd7 6. Be2 Bd6 7. O-O O-O 8. b3 b6 9. Bb2 Bb7 10. Rc1 Rc8 11. Qd3 c5 12. cxd5 exd5 13. Rfd1 Bb8 14. dxc5 bxc5 15. Na4 Ne4 16. g3 Re8 17. Bf1 Nb6 18. Nxb6 axb6 19. Nd2 f5 20. Bh3 Qg5 21. Nxe4 fxe4 22. Qb5 Bc7 23. Bxc8 Rxc8 24. Qd7 h5 25. h4 Qg6 26. Rxd5 Bxd5 27. Qxc8+ Kh7 28. Qxc7 Be6 29. Rd1 Bh3 30. Rd6 Qg4 31. Qxg7+ Qxg7 32. Bxg7 Kxg7 33. Rxb6 1-0


[Site "https://www.chess.com"]

[Event "Titled Tuesday Blitz May 10 Early 2022"]
[White "Kaasen, Tor Fredrik"]
[Black "Subelj, Jan"]
[WhiteFideId "1516647"]
[BlackFideId "14618583"]
[WhiteElo "2335"]
[BlackElo "2328"]
[Result "1-0"]
[Round "03"]
[TimeControl "180+1"]
[Date "2022.05.11"]
[WhiteClock "0:00:33"]
[BlackClock "0:00:18"]

1. d4 d5 2. c4 c6 3. Nf3 Nf6 4. e3 e6 5. Bd3 Nbd7 6. O-O Bd6 7. Nbd2 O-O 8. e4 dxe4 9. Nxe4 Nxe4 10. Bxe4 Nf6 11. Bg5 h6 12. Bxf6 Qxf6 13. Re1 c5 14. Bc2 cxd4 15. Qd3 Rd8 16. Qh7+ Kf8 17. Rad1 Bc7 18. Ba4 Ke7 19. Qe4 Qf4 20. Qxf4 Bxf4 21. Nxd4 Bc7 22. Nf5+ Kf6 23. Rxd8 Bxd8 24. Nd6 Ke7 25. c5 Bc7 26. Rd1 Rb8 27. b4 b6 28. Nb5 Bd7 29. Rxd7+ Kxd7 30. Nxa7+ Kd8 31. Nc6+ Kc8 32. Nxb8 Kxb8 33. c6 Bd6 34. b5 Kc7 35. g3 g5 36. Kg2 f5 37. Kf3 e5 38. Bc2 e4+ 39. Kg2 g4 40. Bb3 f4 41. gxf4 Bxf4 42. Bd5 e3 43. fxe3 Bxe3 44. Kg3 h5 45. Bf7 Bc5 46. Bxh5 Bd6+ 47. Kg2 Be5 48. Bxg4 Kd6 49. h4 Ke7 50. h5 Kf6 51. Kf3 Kg5 52. a4 Bc7 53. Ke4 Kf6 54. Kd5 Ke7 55. h6 Kf6 56. Bf5 Kf7 57. h7 Kg7 58. Ke6 Bg3 59. Kd7 Kh8 60. c7 Bxc7 61. Kxc7 Kg7 62. Kxb6 Kh8 63. a5 Kg7 64. a6 Kh8 65. a7 Kg7 66. a8=Q Kf6 67. h8=Q+ Kxf5 68. Qd5+ Kf4 69. Qhd4+ Kg3 70. Qb3+ Kg2 71. Qdb2+ Kg1 72. Qd1# 1-0


[Site "https://www.chess.com"]

[Event "Titled Tuesday Blitz May 10 Early 2022"]
[White "Kadric, Denis"]
[Black "Martinez Alcantara, Jose Eduardo"]
[WhiteFideId "14403803"]
[BlackFideId "3805662"]
[WhiteElo "2657"]
[BlackElo "2690"]
[Result "1-0"]
[Round "03"]
[TimeControl "180+1"]
[Date "2022.05.10"]
[WhiteClock "0:00:07"]
[BlackClock "0:01:40"]

1. e4 c5 2. Nc3 d6 3. f4 g6 4. d4 Bg7 5. dxc5 Qa5 6. cxd6 Nf6 7. dxe7 Nc6 8. Bd2 Qb6 9. Bb5 Bd7 10. Nf3 Nxe7 11. Qe2 a6 12. Bxd7+ Nxd7 13. O-O-O Rc8 14. e5 O-O 15. Be3 Qc6 16. Nd4 Qc7 17. h4 Nb6 18. h5 Nc4 19. hxg6 hxg6 20. g4 Nxb2 21. Ne4 Nd5 22. Kxb2 Qa5 23. Nb3 Qb4 24. Rxd5 Qxe4 25. Rhd1 Qb4 26. Qd2 g5 27. Qxb4 1-0


[Site "https://www.chess.com"]